 Dungeon Crawl Stone Soup version 0.27-a0-1548-gf8a67e7463 (webtiles) character file.

Game seed: 1082880435779371905

989 flotson the Sneak (level 8, 0/44 (48) HPs)
             Began as a Tengu Delver on July 14, 2021.
             Was an Initiate of Gozag.
             Slain by a hornet zombie (10 damage)
             ... on level 6 of the Dungeon.
             The game lasted 00:13:55 (8834 turns).

flotson the Sneak (Tengu Delver)                    Turns: 8834, Time: 00:13:55

HP:   0/44 (48)     AC:  8    Str: 14    XL:     8   Next: 18%
MP:   9/9           EV: 13    Int: 12    God:    Gozag
Gold: 511           SH:  8    Dex: 15    Spells: 7/7 levels left

rFire    . . .     SeeInvis .   f - +0 whip (drain)
rCold    . . .     Faith    .   o - +0 kite shield
rNeg     . . .     Spirit   .   E - +2 leather armour {rPois}
rPois    +         Reflect  .   (helmet restricted)
rElec    .         Harm     .   B - +2 cloak
rCorr    .         Rampage  .   (no gloves)
Will     .....                  (boots unavailable)
Stlth    +++.......             (no amulet)
HPRegen  0.14/turn              h - ring of poison resistance
MPRegen  0.11/turn              (no ring)

@: flying quickly and evasively, drained, quick
A: beak, talons 3, nimble flight
a: Renounce Religion, Potion Petition, Call Merchant, Bribe Branch


You were on level 6 of the Dungeon.
You worshipped Gozag.
Gozag was pleased with you.
You visited 2 branches of the dungeon, and saw 7 of its levels.

You collected 553 gold pieces.
You paid 42 gold pieces to Gozag.

Inventory:

Hand Weapons
 a - a +0 hand axe
 f - a +0 whip of draining (weapon)
Missiles
 s - 40 poisoned darts (quivered)
 C - 2 javelins
Armour
 o - a +0 kite shield (worn)
 B - a +2 cloak (worn)
 E - a +2 leather armour of poison resistance (worn)
Jewellery
 b - a ring of fire
 h - a ring of poison resistance (left hand)
 m - a ring of wizardry
Wands
 g - a wand of digging (3)
 r - a wand of charming (6)
 y - a wand of paralysis (1)
Scrolls
 c - 4 scrolls of fog
 d - 4 scrolls of teleportation
 e - 2 scrolls of identify {unknown}
 j - 2 scrolls of magic mapping
 k - a scroll of noise {unknown}
 n - a scroll of immolation {unknown}
 q - a scroll of torment {unknown}
 u - 2 scrolls of blinking {unknown}
 w - a scroll of holy word {unknown}
 x - a scroll of brand weapon {unknown}
 A - a scroll of enchant armour {unknown}
 D - a scroll of amnesia {unknown}
Potions
 i - 2 potions of resistance {unknown}
 l - a potion of invisibility {unknown}
 p - 3 potions of curing {unknown}
 t - a potion of attraction {unknown}
 v - 3 potions of brilliance {unknown}
 z - a potion of lignification {unknown}


   Skills:
 + Level 4.5 Fighting
 + Level 4.4 Axes
 + Level 2.7 Throwing
 + Level 3.6 Armour
 + Level 4.5 Dodging
 - Level 5.0 Stealth
 + Level 2.8 Shields
 + Level 3.3 Evocations


You had 7 spell levels left.
You didn't know any spells.
Your spell library was empty.

Dungeon Overview and Level Annotations

Branches:
Dungeon (6/15)             Temple (1/1) D:4

Altars:
Ashenzari
Cheibriados
Dithmenos
Elyvilon
Fedhas
Gozag
Kikubaaqudgha
Makhleb
Nemelex Xobeh
Okawaru
Ru
Sif Muna
Vehumet
Wu Jian
Xom
Yredelemnul
The Shining One


Innate Abilities, Weirdness & Mutations

You have a beak for a mouth.
You have claws for feet.
Your magical nature lets you fly swiftly and evasively.


Message History

You claw the hornet zombie, but do no damage.
The hornet zombie is heavily damaged.
You block the hornet zombie's attack. The hornet zombie hits you.
You hit the hornet zombie.
The hornet zombie is heavily damaged.
You block the hornet zombie's attack.
You closely miss the hornet zombie. You claw the hornet zombie.
The hornet zombie is severely damaged.
The hornet zombie hits you. You block the hornet zombie's attack.
You are too injured to fight recklessly!
You are too injured to fight recklessly!
You are too injured to fight recklessly!
You are too injured to fight recklessly!
You are too injured to fight recklessly!
You are too injured to fight recklessly!
You are too injured to fight recklessly!
You are too injured to fight recklessly!
You are too injured to fight recklessly!
You are too injured to fight recklessly!
You are too injured to fight recklessly!
You are too injured to fight recklessly!
You hit the hornet zombie.
The hornet zombie is severely damaged.
The hornet zombie barely misses you.
You barely miss the hornet zombie.
The hornet zombie is severely damaged.
The hornet zombie hits you but does no damage. x2
You barely miss the hornet zombie.
The hornet zombie is severely damaged.
The hornet zombie hits you. The hornet zombie barely misses you.
You hit the hornet zombie but do no damage.
Your kick misses the hornet zombie.
The hornet zombie is severely damaged.
The hornet zombie hits you.
* * * LOW HITPOINT WARNING * * *
You hit the hornet zombie. You peck the hornet zombie.
The hornet zombie is almost destroyed.
The hornet zombie hits you!
You die...
Your body crumbles into a pile of gold.

......(
h......
....?..##
.........
........#####
............#
#.# ######Z#
#.....@#
#.####.# #.#
... #.# #.#
..# ###


You could see a hornet zombie.

Vanquished Creatures
  Prince Ribbit (D:5)
  A water moccasin (D:5)
  2 ogres (D:4)
  A wight (D:5)
  2 jellies (D:5)
  Crazy Yiuf (D:3)
  A hound (D:5)
  2 gnoll shamans
  Ijyb (D:3)
  A scorpion zombie (D:5)
  A statue (D:5)
  9 gnolls
  4 adders
  2 white imps (D:5)
  An ufetubus (D:4)
  A worm (D:4)
  A dart slug (D:4)
  5 orcs
  5 bats
  6 endoplasms
  2 giant cockroaches (D:1)
  7 goblins
  10 hobgoblins
  3 jackals (D:2)
  A quokka (D:1)
  4 ball pythons
  3 frilled lizards
  5 kobolds
  6 rats
89 creatures vanquished.

Vanquished Creatures (others)
  2 plants (D:2)
2 creatures vanquished.

Grand Total: 91 creatures vanquished

Notes
Turn   | Place    | Note
-------+----------+-------------------------------------------
     0 | D:5      | flotson the Tengu Delver began the quest for the Orb.
     0 | D:5      | Reached XP level 1. HP: 14/14 MP: 2/2
   128 | D:5      | Noticed a water moccasin
   255 | D:4      | Found a staircase to the Ecumenical Temple.
   266 | Temple   | Entered the Ecumenical Temple
   525 | D:4      | Reached XP level 2. HP: 19/19 MP: 3/3
   918 | D:4      | Noticed an ogre
  1010 | D:4      | Found a white marble altar of Elyvilon.
  1023 | D:4      | Noticed an ogre
  1161 | D:3      | Reached skill level 1 in Armour
  1161 | D:3      | Reached skill level 1 in Evocations
  1161 | D:3      | Reached XP level 3. HP: 17/23 MP: 4/4
  2199 | D:2      | Found an ornate altar of the Wu Jian Council.
  2297 | Temple   | Became a worshipper of Gozag Ym Sagoz the Greedy
  2669 | D:1      | Reached XP level 4. HP: 26/28 MP: 5/5
  3979 | D:3      | Noticed Ijyb
  3987 | D:3      | Paralysed by Ijyb for 6 turns
  3998 | D:3      | Paralysed by Ijyb for 7 turns
  4011 | D:3      | Killed Ijyb
  4524 | D:3      | Gained mutation: Your magical nature lets you fly swiftly
                  | and evasively. [Tengu growth]
  4524 | D:3      | Reached XP level 5. HP: 32/32 MP: 6/6
  4958 | D:3      | Found a runed translucent door.
  4959 | D:3      | Noticed Crazy Yiuf
  5099 | D:3      | Found a broken altar of Ashenzari.
  5110 | D:3      | Found an iron altar of Okawaru.
  5114 | D:3      | Found a burning altar of Makhleb.
  5311 | D:3      | Killed Crazy Yiuf
  5312 | D:3      | Reached skill level 1 in Shields
  5404 | D:4      | Killed an ogre
  5405 | D:4      | Reached skill level 1 in Throwing
  5405 | D:4      | Reached XP level 6. HP: 38/38 MP: 7/7
  6314 | D:4      | Found a staircase to the Ecumenical Temple.
  6458 | D:4      | Found a white marble altar of Elyvilon.
  6692 | D:5      | Killed a water moccasin
  6693 | D:5      | Reached XP level 7. HP: 29/43 MP: 8/8
  7369 | D:5      | Noticed Prince Ribbit
  7391 | D:5      | Killed Prince Ribbit
  7679 | D:5      | Reached XP level 8. HP: 41/48 MP: 9/9
  7738 | D:5      | Found a radiant altar of Vehumet.
  8834 | D:6      | Slain by a hornet zombie

Illustrated notes

Levels and vault maps discovered:
D:1:      dpeg_arrival_another_circle, layout_basic, skrybe_limestone_x,
          supply_closet_lemuel, serial_bayou_lake_a
D:2:      layout_loops_ring, serial_forest, infiniplex_forest_lined_room_,
          infiniplex_forest_straight_2, infiniplex_forest_diagonal,
          infiniplex_forest_clump_cross, infiniplex_forest_corner_2,
          infiniplex_forest_clump_tiny, infiniplex_forest_straight_3,
          kennysheep_flooded_box, kennysheep_generic_room_4
D:3:      layout_loops_ring, minmay_overflow_temple_star_quad,
          kennysheep_potato, uniq_crazy_yiuf_cottage, uniq_ijyb
D:4:      layout_rooms, mainiacjoe_overflow_small_starburst,
          minmay_temple_entry_arrows
D:5:      layout_gridville, vehumet_statue, hangedman_abyss_or_decor_stagger,
          uniq_prince_ribbit1
D:6:      layout_basic
Temple:   minmay_temple_bridge_abc

Skill      XL: |  1  2  3  4  5  6  7 |
---------------+----------------------+-----
Armour         | 1 2 3 |  3.6
Evocations     | 1 2 3 |  3.3
Dodging        | 3 4 |  4.5
Axes           | 3 4 |  4.4
Shields        | 1 2 |  2.8
Throwing       | 1 2 |  2.7
Fighting       | 4 |  4.5
Stealth        | |  5.0

Action                   |  1- 3 |  4- 6 |  7- 9 || total
-------------------------+-------+-------+-------++-------
Melee: Hand axe          |    79 |   117 |    67 ||   263
       Kick              |    21 |    38 |    28 ||    87
       Peck              |    10 |    20 |    26 ||    56
       Whip              |       |       |    27 ||    27
Throw: Dart              |       |    27 |    25 ||    52
Evoke: Wand              |       |     3 |       ||     3
  Use: Scroll            |     2 |     1 |     1 ||     4
       Potion            |     1 |       |       ||     1
 Stab: Sleeping          |     7 |     5 |     1 ||    13
       Paralysed         |       |    12 |       ||    12
Armor: Leather armour    |    10 |       |    11 ||    21
       Ring mail         |    17 |    30 |    16 ||    63
Dodge: Dodged            |    63 |    31 |    37 ||   131
Block: Kite shield       |     7 |    40 |    40 ||    87

Table legend: (Time is in decaauts)
 A = Elapsed time spent in this place.
 B = Non-inter-level travel time spent in this place.
 C = Inter-level travel time spent in this place.
 D = Time resting spent in this place.
 E = Time spent auto-exploring this place.
 F = Levels seen in this place.
 G = Mean time per level.
                   A        B        C        D        E       F      G
               +--------+--------+--------+--------+--------+-----+--------+
         Total |   8722 |   8013 |    709 |    624 |   5927 |   7 | 1246.0 |
       Dungeon |   8398 |   7815 |    583 |    624 |   5732 |   6 | 1399.7 |
        Temple |    323 |    197 |    126 |      0 |    195 |   1 |  323.0 |
               +--------+--------+--------+--------+--------+-----+--------+

Top non-repeatable levels by time:
     D:3: 1937 daAuts
     D:4: 1898 daAuts
     D:5: 1813 daAuts
     D:2: 1282 daAuts
     D:1: 1109 daAuts
     D:6: 356 daAuts
  Temple: 323 daAuts
